 Dungeon Crawl Stone Soup version 0.26.0-45-g9c1d065592 (webtiles) character file.

Game seed: 6501523104930956690

51 kaeus the Insei (level 3, -1/30 HPs)
             Began as a Draconian Transmuter on Feb 1, 2021.
             Slain by an adder (2 damage)
             ... on level 3 of the Dungeon.
             The game lasted 00:03:15 (1809 turns).

kaeus the Insei (Draconian Transmuter)              Turns: 1809, Time: 00:03:15

Health: -1/30      AC:  2    Str: 12    XL:     3   Next: 58%
Magic:  0/6        EV: 19    Int: 13    God:
Gold:   155        SH:  0    Dex: 17    Spells: 2/6 levels left

rFire    . . .     SeeInvis .     - Unarmed
rCold    . . .     Faith    .   (shield currently unavailable)
rNeg     . . .     Spirit   .   (armour unavailable)
rPois    x         Reflect  .   (helmet currently unavailable)
rElec    .         Harm     .   (cloak currently unavailable)
rCorr    .         Rampage  .   (gloves currently unavailable)
Will     .....                  (boots currently unavailable)
Stlth    ++........             (no amulet)
HPRegen  0.10/turn              (no ring)
MPRegen  0.10/turn              (no ring)

@: spider-form (expiring), very slightly contaminated
A: tiny, unfitting armour, AC +5
a: End Transformation


You were on level 3 of the Dungeon.
You were a venomous arachnid creature.
You visited 1 branch of the dungeon, and saw 3 of its levels.

You collected 155 gold pieces.

Inventory:

Jewellery
 b - an uncursed ring of willpower {unknown}
Scrolls
 a - a scroll of magic mapping {unknown}
 c - a scroll of enchant armour {unknown}
 f - 4 scrolls of identify {unknown}
 g - a scroll of teleportation {unknown}
 h - a scroll of amnesia {unknown}
 k - a scroll of remove curse {unknown}
Potions
 d - a potion of resistance {unknown}
 e - a potion of invisibility {unknown}
 i - 3 potions of curing
 j - a potion of flight {unknown}


   Skills:
 - Level 2.4 Fighting
 - Level 1.7 Dodging
 - Level 3.6 Unarmed Combat
 - Level 2.0 Spellcasting
 + Level 2.3 Transmutations
 + Level 1.0 Poison Magic


You had 2 spell levels left.
You knew the following spells:

 Your Spells              Type           Power        Failure   Level
a - Beastly Appendage     Tmut           14%          24%         1
b - Spider Form           Tmut/Pois      2%           58%         3

Your spell library contained the following spells:

 Spells                   Type           Power        Failure   Level
 Wereblood                Tmut           7%           32%         2
 Ice Form                 Ice/Tmut       4%           94%         4
 Blade Hands              Tmut           3%           99%         5


Dungeon Overview and Level Annotations

Branches:
Dungeon (3/15)

Altars:

Annotations:
D:3 Grinder, Terence


Innate Abilities, Weirdness & Mutations

((Your plain brown scales are hard. (AC +5)))
You cannot fit into any form of body armour.
((You are cold-blooded and may be slowed by cold attacks.))


Message History

You closely miss the adder.
The adder is almost dead.
The adder closely misses you. The adder completely misses you.
You hit the adder but do no damage.
The adder is poisoned.
You kill the adder!
The adder barely misses you.
A magic dart appears from out of thin air!
The magic dart hits you!
* * * LOW HITPOINT WARNING * * *
Your Poison Magic skill increases to level 1!
You take 8 damage, and have 4/30 hp.
MASSIVE DAMAGE!!
You completely miss the adder.
The adder is moderately wounded.
The adder closely misses you.
You closely miss the adder.
The adder is heavily wounded.
The adder bites you.
* * * LOW HITPOINT WARNING * * *
The adder bites you.
You die...

#.# ##o# #.# #o## #o# # #..#
#.# ..?# ##o## #.# .5.# #oo#
#o#####...########.#
###....#.........###o###.##
...o.oo..........†ooo.......
####...#.......Ss####.##.###
#...# ........# ..# #...#
........# #.# #...#
........# .. ##.## ........#
#.. #.# ........# ..# #.#
######### #.# .#


You could see Grinder, an adder (very poisoned) and 4 orcs.

Vanquished Creatures
  An adder (D:3)
  An ooze (D:2)
  2 dart slugs (D:1)
  A leopard gecko (D:1)
  3 bats
  3 giant cockroaches (D:1)
  5 goblins
  2 hobgoblins
  A kobold (D:1)
  A quokka (D:2)
  A ball python (D:1)
  9 frilled lizards
  4 rats
34 creatures vanquished.

Notes
Turn   | Place    | Note
-------+----------+-------------------------------------------
     0 | D:1      | kaeus the Draconian Transmuter began the quest for the Orb.
     0 | D:1      | Reached XP level 1. HP: 16/16 MP: 3/3
   245 | D:1      | Reached XP level 2. HP: 24/24 MP: 5/5
  1207 | D:2      | Reached XP level 3. HP: 30/30 MP: 4/6
  1211 | D:2      | Learned a level 3 spell: Spider Form
  1755 | D:3      | Noticed Terence
  1755 | D:3      | Noticed Grinder
  1808 | D:3      | Reached skill level 1 in Poison Magic
  1809 | D:3      | HP: 1/30 [adder (4)]
  1809 | D:3      | Slain by an adder

Illustrated notes

Levels and vault maps discovered:
D:1:      amcnicky_arrival_underground_garden, layout_loops_corners
D:2:      layout_rooms
D:3:      layout_basic, yredelemnul_altar_generic, okawaru_trees_1,
          general_overflow_altar, lemuel_crystal_altar, uniq_grinder,
          uniq_natasha, uniq_terence

Skill      XL: |  1  2  3 |
---------------+----------+-----
Fighting       | 2 |  2.4
Poison Magic   | 1 |  1.0
Dodging        | |  1.7
Unarmed Combat | |  3.6
Spellcasting   | |  2.0
Transmutations | |  2.3

Action                   || total
-------------------------++-------
Melee: Unarmed           ||   103
       Headbutt          ||     9
       Tailslap          ||    10
       Kick              ||     7
       Punch             ||     1
 Cast: Beastly Appendage ||    28
       Spider Form       ||     1
  Use: Potion            ||     1
Armor: Skin              ||    33
Dodge: Dodged            ||    89
